[Event "Early-Titled-Tuesday-Blitz-August-29-2023"]
[Site "Chess.com"]
[Date "2023.08.29"]
[Round "3"]
[White "matagordo"]
[Black "ProfessorChess101"]
[Result "0-1"]
[WhiteElo "2162"]
[BlackElo "2416"]
[TimeControl "180+1"]
[EndTime "8:27:28 PDT"]
[Termination "ProfessorChess101 won by resignation"]

1. d4 g6 2. Bf4 Bg7 3. Nc3 c5 4. d5 d6 5. e4 Nf6 6. Bb5+ Nbd7 7. a4 O-O 8. h3 a6 9. Be2 Qa5 10. Qd2 Qb4 11. Bd3 c4 12. Be2 Nc5 13. Bf3 Nh5 14. Be3 Qxb2 15. Nd1 Qxa1 16. Bxh5 gxh5 17. Ne2 Nxe4 18.
Qb4 Qf6 19. O-O b5 20. axb5 axb5 21. Qxb5 c3 22. Qc4 Ba6 23. Qxe4 Bxe2 24. Re1 Ra1 25. Rxe2 Rxd1+ 26. Kh2 Qe5+ 27. Bf4 Qxe4 28. Rxe4 Rxd5 29. Rxe7 Be5 30. g3 Bxf4 31. gxf4 Rd2 0-1

[Event "Early-Titled-Tuesday-Blitz-August-29-2023"]
[Site "Chess.com"]
[Date "2023.08.29"]
[Round "3"]
[White "WhiteKnight2612"]
[Black "Daniel_Salinas"]
[Result "1-0"]
[WhiteElo "2820"]
[BlackElo "2311"]
[TimeControl "180+1"]
[EndTime "8:27:29 PDT"]
[Termination "WhiteKnight2612 won by resignation"]

1. Nf3 Nf6 2. g3 d5 3. Bg2 e6 4. O-O c5 5. d3 Nc6 6. Nbd2 Be7 7. e4 O-O 8. e5 Nd7 9. Re1 b5 10. Nf1 Bb7 11. h4 Qc7 12. Bf4 Rfc8 13. N1h2 Qd8 14. c3 b4 15. Ng5 h6 16. Qh5 hxg5 17. hxg5 Nf8 18. Ng4 Qe8 19. Nf6+ gxf6 20. exf6 Ng6 21. Bf3 e5 22. Kg2 Bxf6 23. gxf6 Qe6 24. Bg5 Kf8 25. Bg4 Qd6 26. Bf5 d4 27. Re4 Rd8 28.
Rh1 Bc8 29. Qh8+ 1-0

[Event "Early-Titled-Tuesday-Blitz-August-29-2023"]
[Site "Chess.com"]
[Date "2023.08.29"]
[Round "3"]
[White "FormerProdigy"]
[Black "wannabe2700"]
[Result "1-0"]
[WhiteElo "2888"]
[BlackElo "2639"]
[TimeControl "180+1"]
[EndTime "8:27:30 PDT"]
[Termination "FormerProdigy won by resignation"]

1. d4 c5 2. d5 e5 3. e4 d6 4. Nf3 Be7 5. h3 Nf6 6. Nc3 Na6 7. Nd2 Nc7 8. Bd3 a6 9. a4 b6 10. Nc4 Rb8 11. O-O O-O 12. f4 exf4 13. Bxf4 b5 14. axb5 axb5 15. Na5 Bd7 16. e5 dxe5 17.
Bxe5 Rb6 18. d6 Bxd6 19. Bxd6 Rxd6 20. Bxh7+ Kxh7 21. Qxd6 b4 22. Nb7 Qc8 23. Na4 Qxb7 24. Qxf8 Qe4 25. Rxf6 Bxh3 26. gxh3 Qe3+ 27. Rf2 f6 28.
Qxc5 Qg3+ 29. Rg2 Qf4 30. Qh5+ Kg8 31. Nc5 Qe3+ 32. Kh1 Qd4 33. Rd1 Qxd1+ 34. Qxd1 1-0

[Event "Early-Titled-Tuesday-Blitz-August-29-2023"]
[Site "Chess.com"]
[Date "2023.08.29"]
[Round "3"]
[White "Aemulus20"]
[Black "Quattroporte300"]
[Result "1-0"]
[WhiteElo "2651"]
[BlackElo "2442"]
[TimeControl "180+1"]
[EndTime "8:27:36 PDT"]
[Termination "Aemulus20 won by resignation"]

1. e4 c5 2. d4 cxd4 3. c3 dxc3 4. Nxc3 Nc6 5. Nf3 d6 6. Bc4 e6 7. O-O Nf6 8. Qe2 Be7 9. Rd1 e5 10. h3 O-O 11. Be3 a6 12. b4 b5 13. Bd5 Nxd5 14.
Nxd5 Be6 15. Rac1 Rc8 16. Rc2 Bxd5 17. exd5 Nxb4 18. Rxc8 Qxc8 19. a3 Qc2 20. Qf1 Na2 21. Rd2 Qc1 22. Rxa2 Qxf1+ 23. Kxf1 Rc8 24. g4 h5 25. Ke2 g6 26. Nd2 f5 27. f3 Kf7 28.
Kd3 hxg4 29. hxg4 Rh8 30. Rc2 fxg4 31. fxg4 Rh4 32. g5 Ra4 33. Rc3 Rg4 34. Ne4 Rg2 35. Rc7 Ke8 36. Ra7 Ra2 37. Rxa6 b4 38. Nxd6+ Kd7 39.
Nc4 bxa3 40. d6 Bxg5 41. Bxg5 Rg2 42. Nxe5+ 1-0

[Event "Early-Titled-Tuesday-Blitz-August-29-2023"]
[Site "Chess.com"]
[Date "2023.08.29"]
[Round "3"]
[White "Arystanner"]
[Black "AnaKuchava"]
[Result "1-0"]
[WhiteElo "2855"]
[BlackElo "2191"]
[TimeControl "180+1"]
[EndTime "8:27:36 PDT"]
[Termination "Arystanner won by checkmate"]

1. d4 d5 2. c4 e6 3. Nf3 Nf6 4. Nc3 Be7 5. Bf4 c5 6. dxc5 Bxc5 7. e3 Nc6 8. cxd5 Nxd5 9. Nxd5 exd5 10. a3 O-O 11.
Bd3 Qf6 12. b4 Bb6 13. O-O h6 14. b5 Na5 15. Be5 Qe7 16. Bc3 Bg4 17. Bb4 Qf6 18.
Bxf8 Rxf8 19. Be2 Nc4 20. h3 Be6 21. Nd4 Rc8 22. Nxe6 fxe6 23. Rc1 Rd8 24. Bxc4 dxc4 25. Qc2 Rc8 26. Qe4 c3 27. Rfd1 Rc7 28. Rd6 Kf7 29. Qf3 Ke7 30. Qxf6+ gxf6 31. Rd3 Rc5 32. Rdxc3 Rxb5 33. Rc4 Rb2 34. R1c2 Rb1+ 35. Kh2 Ra1 36.
a4 Kf7 37. Kg3 e5 38. Kf3 Kg6 39. g4 h5 40. Rd2 hxg4+ 41. hxg4 Kg5 42. Rd7 f5 43. gxf5 Kxf5 44. Rf7+ Ke6 45. Rxb7 Ra2 46. Ke4 Rxf2 47. Rc6# 1-0

[Event "Early-Titled-Tuesday-Blitz-August-29-2023"]
[Site "Chess.com"]
[Date "2023.08.29"]
[Round "3"]
[White "VOneChess"]
[Black "HackWithBlack"]
[Result "0-1"]
[WhiteElo "1925"]
[BlackElo "2365"]
[TimeControl "180+1"]
[EndTime "8:27:37 PDT"]
[Termination "HackWithBlack won on time"]

1. e4 c6 2. d4 d5 3. Nd2 dxe4 4.
Nxe4 Bf5 5. Ng3 Bg6 6. h4 h6 7.
Nh3 Nf6 8. Nf4 Bh7 9. Bc4 e6 10.
O-O Be7 11. Re1 O-O 12. c3 Nd5 13. Bxd5 cxd5 14. h5 Nc6 15. Qg4 Kh8 16. Rxe6 Qc8 17. Be3 fxe6 18. Nxe6 Bf6 19. Re1 Re8 20. Bc1 Bg8 21.
f4 Rxe6 22. Rf1 Re1 23. Qf3 Rxf1+ 24. Kxf1 Qe6 25. f5 Qe7 26. Bd2 Re8 27. Ne2 Qe4 28. Nf4 Qxf3+ 29. gxf3 Bf7 0-1

[Event "Early-Titled-Tuesday-Blitz-August-29-2023"]
[Site "Chess.com"]
[Date "2023.08.29"]
[Round "3"]
[White "TigranHH"]
[Black "noblerone"]
[Result "0-1"]
[WhiteElo "2313"]
[BlackElo "2560"]
[TimeControl "180+1"]
[EndTime "8:27:38 PDT"]
[Termination "noblerone won by resignation"]

1. d4 d5 2. c4 c6 3. Nc3 Nf6 4. e3 a6 5. Nf3 b5 6. b3 Bg4 7.
h3 Bxf3 8. Qxf3 e6 9. Bd3 Nbd7 10. O-O bxc4 11. bxc4 Bb4 12. Ne2 O-O 13. Bb2 Rb8 14.
c5 Bxc5 15. Bc3 Bb4 16. Rfc1 Bxc3 17. Rxc3 Qb6 18. Rac1 Rfc8 19. Ng3 c5 20. Nh5 c4 21.
Nxf6+ Nxf6 22. g4 Qd8 23. Bb1 Qa5 24. g5 Rxb1 25. Rxb1 Qxc3 26. gxf6 Qc2 27. Rb7 Qg6+ 28. Kh2 Qxf6 29. Qg3 h6 30. Rb8 Rxb8 31. Qxb8+ Kh7 32. Kg2 Qg6+ 33. Kf1 Qd3+ 34. Kg2 c3 0-1

[Event "Early-Titled-Tuesday-Blitz-August-29-2023"]
[Site "Chess.com"]
[Date "2023.08.29"]
[Round "3"]
[White "salzikis"]
[Black "Diaschess88"]
[Result "0-1"]
[WhiteElo "2406"]
[BlackElo "2650"]
[TimeControl "180+1"]
[EndTime "8:27:39 PDT"]
[Termination "Diaschess88 won by resignation"]

1. e4 c5 2. Nf3 d6 3. Bb5+ Bd7 4.
Bxd7+ Nxd7 5. O-O Ngf6 6. Re1 Rc8 7. c4 g6 8. Nc3 Bg7 9. d3 O-O 10. Bg5 h6 11. Be3 a6 12. Rc1 e6 13. b3 Ne5 14. d4 Nxf3+ 15. Qxf3 Nd7 16. Red1 Qa5 17. Qe2 b5 18. Bd2 cxd4 19. Nxb5 Qxa2 20. Nxd6 Rc6 21. Ra1 d3 22. Qxd3 Bxa1 23. Bxh6 Bg7 24. Bxg7 Kxg7 25.
Qd4+ e5 26. Qd5 Rc5 27. Nf5+ gxf5 28. Qxd7 Qxb3 29. Re1 Qc3 30. Rf1 Qxc4 31. Qxf5 Qe6 32. Qh5 Qg6 33. Qe2 Rfc8 34. Qb2 Qxe4 0-1

[Event "Early-Titled-Tuesday-Blitz-August-29-2023"]
[Site "Chess.com"]
[Date "2023.08.29"]
[Round "3"]
[White "Rutricks"]
[Black "TC2304"]
[Result "1-0"]
[WhiteElo "2624"]
[BlackElo "2435"]
[TimeControl "180+1"]
[EndTime "8:27:40 PDT"]
[Termination "Rutricks won by resignation"]

1. c4 c6 2. b3 d5 3. Bb2 Nf6 4. Nf3 Bf5 5. e3 h6 6. Be2 e6 7. O-O Nbd7 8. Nc3 Be7 9. Rc1 O-O 10. d4 a6 11. h3 b5 12. a4 b4 13. Nb1 c5 14.
Nbd2 Ne4 15. cxd5 exd5 16. dxc5 Ndxc5 17. Nd4 Bg6 18. Nxe4 dxe4 19. Nc6 Qe8 20. Nxe7+ Qxe7 21. Bxg7 Rfd8 22. Bd4 Ne6 23. Qd2 Nxd4 24. exd4 Qd6 25. Qxh6 Qxd4 26. Rc6 a5 27. Rxg6+ fxg6 28. Bc4+ Rd5 29.
Qxg6+ Kf8 30. Qh6+ Ke7 31. Qh7+ Kd6 32. Bxd5 Qxd5 33.
Rc1 Rd8 34. Qc7+ Ke6 35. Rc6+ Rd6 36. Rxd6+ Qxd6 37. Qxd6+ Kxd6 38. Kf1 e3 39. fxe3 1-0

[Event "Early-Titled-Tuesday-Blitz-August-29-2023"]
[Site "Chess.com"]
[Date "2023.08.29"]
[Round "3"]
[White "FairChess_on_YouTube"]
[Black "artin10862"]
[Result "1-0"]
[WhiteElo "3058"]
[BlackElo "2807"]
[TimeControl "180+1"]
[EndTime "8:27:41 PDT"]
[Termination "FairChess_on_YouTube won by resignation"]

1. d4 Nf6 2. c4 e6 3. Nf3 d5 4.
Bg5 dxc4 5. e4 Bb4+ 6. Nc3 h6 7.
Bxf6 Qxf6 8. Bxc4 O-O 9. O-O c5 10. e5 Qd8 11. Ne4 cxd4 12. Nxd4 Bd7 13. Qg4 Nc6 14.
Nf3 Kh8 15. Rad1 Qc7 16. Nf6 Rad8 17. Qe4 g6 18. Qf4 Kg7 19. Nh5+ Kh7 20. Qf6 gxh5 21. Bd3+ Kg8 22. Ng5 hxg5 23. Qxg5+ Kh8 24. Qh6+ 1-0

[Event "Early-Titled-Tuesday-Blitz-August-29-2023"]
[Site "Chess.com"]
[Date "2023.08.29"]
[Round "3"]
[White "Jojo_898"]
[Black "bazar-wokzal"]
[Result "1-0"]
[WhiteElo "2439"]
[BlackElo "2597"]
[TimeControl "180+1"]
[EndTime "8:27:41 PDT"]
[Termination "Jojo_898 won by resignation"]

1. e4 Nc6 2. Nf3 d5 3. exd5 Qxd5 4. Nc3 Qa5 5. h3 Nf6 6. Bc4 e5 7. O-O Bb4 8. a3 O-O 9. Rb1 Bxc3 10. dxc3 e4 11. Nd4 Bd7 12. b4 Qe5 13. Be3 Rad8 14. Qe2 Nd5 15. Nxc6 Bxc6 16. Bd4 Nxc3 17. Bxe5 Nxe2+ 18. Bxe2 Rd2 19. Rfe1 Rxc2 20. Bxc7 Rc8 21. Bf4 f5 22. Rbc1 Bd5 23. Bf1 Kf7 24. Red1 Ke6 25. Be3 a6 26. Rxc2 Rxc2 27. Rc1 Ra2 28. Rc7 g6 29. g3 h5 30. Rg7 Kf6 31. Bd4+ Kg5 32. h4+ Kh6 33. Rd7 Bc6 34. Be3+ g5 35. hxg5+ Kg6 36.
Rd6+ Kf7 37. g6+ Ke7 38. g7 Kxd6 39. g8=Q Rxa3 40. b5 axb5 41. Qf8+ Ke5 42. Qxa3 1-0

[Event "Early-Titled-Tuesday-Blitz-August-29-2023"]
[Site "Chess.com"]
[Date "2023.08.29"]
[Round "3"]
[White "maurovargas01"]
[Black "garfield_pg"]
[Result "0-1"]
[WhiteElo "1909"]
[BlackElo "2359"]
[TimeControl "180+1"]
[EndTime "8:27:42 PDT"]
[Termination "garfield_pg won on time"]

1. e4 c5 2. Nc3 g6 3. f4 Bg7 4.
Nf3 Nc6 5. Bb5 Nd4 6. Bf1 d6 7. Nd5 Bg4 8. c3 Nxf3+ 9. gxf3 Bd7 10. d3 e6 11. Ne3 Qh4+ 12. Ke2 Bh6 13. Ng2 Qe7 14. Be3 Nf6 15. Qe1 Nh5 16. Qf2 Qf6 17. Qh4 Qxh4 18. Nxh4 Bxf4 19. Bh3 Bxe3 20. Kxe3 e5 21. Bg4 Nf4 22. Rhg1 O-O-O 23. b4 Rhf8 24. bxc5 dxc5 25. Rab1 Bxg4 26. fxg4 Rxd3+ 27. Kf2 Rd2+ 28. Ke1 Rxh2 29. Nf3 Nd3+ 30. Kd1 Rxa2 31. Rg3 Rd8 0-1

[Event "Early-Titled-Tuesday-Blitz-August-29-2023"]
[Site "Chess.com"]
[Date "2023.08.29"]
[Round "3"]
[White "schack_vit"]
[Black "seopie"]
[Result "0-1"]
[WhiteElo "2460"]
[BlackElo "2664"]
[TimeControl "180+1"]
[EndTime "8:27:44 PDT"]
[Termination "seopie won on time"]

1. c4 Nf6 2. g3 e6 3. Bg2 d5 4. Nf3 Be7 5. O-O O-O 6. b3 d4 7. e3 c5 8. exd4 cxd4 9. Ne5 Nfd7 10. Nd3 Nc6 11. Ba3 Bxa3 12. Nxa3 Qa5 13. Nb5 a6 14.
Nd6 Qc7 15. Nxc8 Raxc8 16. f4 Rfd8 17. Qe2 a5 18. Rac1 Nb4 19. Ne5 Nxa2 20. Ra1 Nb4 21. Qe4 Nc5 22. Qf3 d3 23. Rab1 b6 24. Rfe1 g6 25. h4 Nc2 26. Rf1 Nd4 27. Qe3 Ndxb3 28. h5 Qd6 29. hxg6 hxg6 30. Ng4 Qd4 31. Rfd1 a4 0-1

[Event "Early-Titled-Tuesday-Blitz-August-29-2023"]
[Site "Chess.com"]
[Date "2023.08.29"]
[Round "3"]
[White "tteshan"]
[Black "HElissalt"]
[Result "1-0"]
[WhiteElo "2586"]
[BlackElo "2372"]
[TimeControl "180+1"]
[EndTime "8:27:44 PDT"]
[Termination "tteshan won by resignation"]

1. d4 d5 2. c4 dxc4 3. e3 a6 4. Bxc4 Nf6 5. Nf3 e6 6. O-O c5 7. dxc5 Qxd1 8. Rxd1 Bxc5 9. Be2 Bd7 10. a3 Ba4 11.
Re1 Bb5 12. b4 Bxe2 13. Rxe2 Be7 14. Bb2 Nc6 15. Nbd2 O-O 16. Nc4 Rad8 17. h3 Rd3 18.
Nfe5 Nxe5 19. Nxe5 Rb3 20. Bd4 Rc8 21. f3 Nd5 22.
Nd7 f6 23. Kf2 e5 24. Bc5 Kf7 25. Bxe7 Kxe7 26. Nc5 Rc3 27. Nxb7 R8c4 28. Rd1 Ke6 29. Nc5+ Rxc5 30. bxc5 Rxc5 31. Rb2 Nc3 32. Rb6+ 1-0

[Event "Early-Titled-Tuesday-Blitz-August-29-2023"]
[Site "Chess.com"]
[Date "2023.08.29"]
[Round "3"]
[White "Kostukov_Alex"]
[Black "chessajedrezz2020"]
[Result "1-0"]
[WhiteElo "2358"]
[BlackElo "2682"]
[TimeControl "180+1"]
[EndTime "8:27:45 PDT"]
[Termination "Kostukov_Alex won by resignation"]

1. g3 e5 2. c4 f5 3. Bg2 Nf6 4. Nc3 g6 5. d4 exd4 6. Qxd4 Nc6 7. Qd2 Bg7 8. b3 Ne4 9. Bxe4 fxe4 10. Bb2 O-O 11.
Nxe4 Bxb2 12. Qxb2 Qe7 13. Nc3 Nb4 14. Rd1 b6 15. h4 Bb7 16. Rh2 Qe5 17. a3 Na2 18. Rd3 Nxc3 19. Qxc3 Qe7 20. h5 g5 21. h6 Rf6 22. Re3 Qxa3 23. Rh5 Rg6 24. Re5 Qa2 25. Rhxg5 Qb1+ 26. Kd2 Qa2+ 27. Ke3 Rf8 28. Rxg6+ hxg6 29. h7+ Kxh7 30. Re7+ Kh6 31. Qg7+ 1-0

[Event "Early-Titled-Tuesday-Blitz-August-29-2023"]
[Site "Chess.com"]
[Date "2023.08.29"]
[Round "3"]
[White "kuli4ik"]
[Black "Ajedrecista3000"]
[Result "1-0"]
[WhiteElo "2908"]
[BlackElo "2691"]
[TimeControl "180+1"]
[EndTime "8:27:47 PDT"]
[Termination "kuli4ik won by resignation"]

1. Nf3 d5 2. d4 Nf6 3. Bf4 Bf5 4. e3 e6 5. c4 Bxb1 6. Qxb1 Bb4+ 7. Kd1 Bd6 8. Bxd6 Qxd6 9. Qc2 O-O 10. cxd5 exd5 11. Bd3 Nbd7 12. Ke2 c6 13. Rhc1 Rfe8 14. Kf1 Ne4 15.
Kg1 Re6 16. Rab1 a5 17. a3 Rae8 18. b4 axb4 19. axb4 b5 20. Bxe4 dxe4 21. Nd2 f5 22. Ra1 Qxb4 23. Ra6 Nb8 24. Ra7 R6e7 25. Rca1 h6 26.
h4 Kh7 27. Nf1 Rxa7 28. Rxa7 Re7 29. Ra8 Rb7 30. Ng3 Qf8 31. Qb3 b4 32. h5 Qg8 33.
Qb1 Qd5 34. f3 exf3 35. Nxf5 Kg8 36. Rxb8+ 1-0

[Event "Early-Titled-Tuesday-Blitz-August-29-2023"]
[Site "Chess.com"]
[Date "2023.08.29"]
[Round "3"]
[White "knightinshiningarmour16"]
[Black "falzehope0"]
[Result "0-1"]
[WhiteElo "2127"]
[BlackElo "2410"]
[TimeControl "180+1"]
[EndTime "8:27:47 PDT"]
[Termination "falzehope0 won by resignation"]

1. d4 e6 2. c4 d5 3. Nf3 c6 4. cxd5 exd5 5. Nc3 f5 6. Bg5 Be7 7. Bxe7 Nxe7 8. e3 Nd7 9. Bd3 Nf6 10. Qc2 Ne4 11. Ne5 Ng6 12. Nxg6 hxg6 13. Bxe4 fxe4 14. O-O-O O-O 15. h4 Bg4 16. Rdf1 Qd6 17. Qb3 Kh7 18. Qxb7 Rfb8 19. Qa6 Rb6 20. Qa4 c5 21. dxc5 Qxc5 22. Qd4 Qc7 23. Qxd5 Rab8 24. Qd2 a5 25. f3 Be6 26. b3 a4 27. Kb2 axb3 28. axb3 Rxb3+ 29. Ka2 Rxc3+ 0-1

[Event "Early-Titled-Tuesday-Blitz-August-29-2023"]
[Site "Chess.com"]
[Date "2023.08.29"]
[Round "3"]
[White "Apocalyps999"]
[Black "blitzo_vich"]
[Result "0-1"]
[WhiteElo "2337"]
[BlackElo "2598"]
[TimeControl "180+1"]
[EndTime "8:27:48 PDT"]
[Termination "blitzo_vich won by resignation"]

1. e4 c5 2. c3 Nf6 3. e5 Nd5 4.
Nf3 e6 5. d4 cxd4 6. cxd4 d6 7.
Bc4 Nc6 8. O-O Nb6 9. Bb5 Bd7 10. Nc3 Nb4 11. Bxd7+ Qxd7 12. a3 N4d5 13. Ne4 h6 14. exd6 Bxd6 15. Ne5 Qe7 16. a4 O-O 17. a5 Nd7 18.
Nc4 Bxh2+ 19. Kxh2 Qh4+ 20. Kg1 Qxe4 21. Re1 Qh4 22.
Nd6 N7f6 23. f3 b6 24. axb6 axb6 25. Bd2 Qxd4+ 26. Kh1 Nh5 27. Ne4 Rxa1 28. Qxa1 f5 29.
Bc3 Nxc3 30. bxc3 Qd8 31. Nf2 Qh4+ 32. Nh3 Nf4 33. Re2 Nxe2 34. Qe1 Qxe1+ 0-1

[Event "Early-Titled-Tuesday-Blitz-August-29-2023"]
[Site "Chess.com"]
[Date "2023.08.29"]
[Round "3"]
[White "ErikRonka"]
[Black "vovachesss"]
[Result "0-1"]
[WhiteElo "2497"]
[BlackElo "2796"]
[TimeControl "180+1"]
[EndTime "8:27:50 PDT"]
[Termination "vovachesss won by resignation"]

1. e4 Nf6 2. e5 Nd5 3. c4 Nb6 4. d4 d6 5. f4 Bf5 6. Nc3 dxe5 7. fxe5 e6 8. Nf3 Bb4 9. Bd3 c5 10. Bg5 Qd7 11. O-O Bxd3 12. Qxd3 cxd4 13. Ne4 Na6 14.
a3 Nc5 15. Nxc5 Bxc5 16. b4 Be7 17. Rad1 O-O 18. Qxd4 Qxd4+ 19. Rxd4 Rfe8 20. Rfd1 Rac8 21. Bxe7 Rxe7 22. Ng5 h6 23. Ne4 Rxc4 24. Rd8+ Kh7 25. Nd6 Rc3 26. Rb8 Rxa3 27. Nxb7 Re3 28. Rdd8 Rxe5 29.
Nd6 Rd5 30. h3 Kg6 31. Nb7 Rxb7 32. Rxb7 Rxd8 0-1

[Event "Early-Titled-Tuesday-Blitz-August-29-2023"]
[Site "Chess.com"]
[Date "2023.08.29"]
[Round "3"]
[White "AlexanderL"]
[Black "ljuks68"]
[Result "1-0"]
[WhiteElo "2830"]
[BlackElo "2460"]
[TimeControl "180+1"]
[EndTime "8:27:51 PDT"]
[Termination "AlexanderL won by resignation"]

1. Nf3 d5 2. e3 Nf6 3. c4 c6 4.
Nc3 e6 5. b3 Nbd7 6. Bb2 Bd6 7.
d4 a6 8. Bd3 b5 9. O-O O-O 10. Qc2 Bb7 11. c5 Bc7 12. b4 a5 13.
a3 e5 14. dxe5 Nxe5 15. Nxe5 Bxe5 16. Ne2 Qe7 17. h3 Ra7 18. Bd4 Rfa8 19. Qc3 Bxd4 20. Nxd4 Ra6 21. Nb3 a4 22. Nd4 Bc8 23. Rae1 Bd7 24. f3 Re8 25. Re2 Raa8 26. Qe1 Qe5 27. f4 Qe7 28. Qh4 Ne4 29. Qxe7 Rxe7 30. Bxe4 Rxe4 31.
Kf2 Rae8 32. Rfe1 h5 33. Nf3 f6 34. Nd2 R4e7 35. e4 dxe4 36. Nxe4 Bf5 37. Nxf6+ 1-0

[Event "Early-Titled-Tuesday-Blitz-August-29-2023"]
[Site "Chess.com"]
[Date "2023.08.29"]
[Round "3"]
[White "starworld123"]
[Black "Andreikka"]
[Result "0-1"]
[WhiteElo "2794"]
[BlackElo "3027"]
[TimeControl "180+1"]
[EndTime "8:27:52 PDT"]
[Termination "Andreikka won by resignation"]

1. Nf3 Nf6 2. c4 e6 3. Nc3 Bb4 4. Qb3 c5 5. a3 Bxc3 6. Qxc3 Nc6 7. b4 b6 8. Bb2 d6 9. e3 e5 10. d4 exd4 11. exd4 O-O 12. Bd3 Re8+ 13. Kf1 Bg4 14.
d5 Bxf3 15. gxf3 Nd4 16. Rg1 Nh5 17. Qd2 Qh4 18. Rg2 Nxf3 19. Qh6 Ng3+ 20. Rxg3 Qxh6 0-1

[Event "Early-Titled-Tuesday-Blitz-August-29-2023"]
[Site "Chess.com"]
[Date "2023.08.29"]
[Round "3"]
[White "Angry_Twin"]
[Black "rezamahdavi2008"]
[Result "1-0"]
[WhiteElo "2962"]
[BlackElo "2750"]
[TimeControl "180+1"]
[EndTime "8:27:52 PDT"]
[Termination "Angry_Twin won by resignation"]

1. e4 c5 2. Nf3 d6 3. Bb5+ Nd7 4. O-O a6 5. Bd3 Ngf6 6. Re1 e6 7.
a4 Be7 8. c3 Rb8 9. Na3 Qc7 10.
Bf1 O-O 11. d4 e5 12. Nc4 b5 13. axb5 axb5 14. Ne3 Bb7 15. Nf5 Rfe8 16. Bg5 Bf8 17.
dxe5 dxe5 18. Bxf6 Nxf6 19. Bxb5 Red8 20. Qe2 Bxe4 21. Ng3 Bxf3 22. gxf3 Nd5 23. Bc4 Nf4 24. Qxe5 Qxe5 25. Rxe5 Rxb2 26. Bxf7+ Kh8 27. Ne4 h6 28. Re8 Rxe8 29. Bxe8 g5 30. h4 gxh4 31. Ra8 Kg7 32. Ra7+ Kh8 33. Rf7 Bg7 34. Rxf4 h3 35. Rh4 1-0

[Event "Early-Titled-Tuesday-Blitz-August-29-2023"]
[Site "Chess.com"]
[Date "2023.08.29"]
[Round "3"]
[White "GAZZAN_3000"]
[Black "BillieKimbah"]
[Result "0-1"]
[WhiteElo "2670"]
[BlackElo "3033"]
[TimeControl "180+1"]
[EndTime "8:27:52 PDT"]
[Termination "BillieKimbah won by resignation"]

1. d4 Nf6 2. Nf3 d5 3. c4 e6 4.
g3 Be7 5. Bg2 O-O 6. O-O c6 7.
b3 b6 8. Bb2 Nbd7 9. Nc3 Ba6 10. Nd2 b5 11. e4 bxc4 12. bxc4 Nb6 13. exd5 exd5 14. c5 Bxf1 15. Qxf1 Nbd7 16. Qd3 Rb8 17. Qc2 Re8 18. Nd1 Bf8 19. Ne3 g6 20. Nb3 Ne4 21. Re1 Bg7 22. h4 h5 23. Bc1 a5 24. a4 Rb4 25.
Kh2 Rxa4 26. f3 Nef6 27. Bd2 Qc7 28. Nc1 Rxd4 29. f4 Ne4 30. Nb3 Ra4 31. Bxe4 Raxe4 32. Bxa5 Qc8 33. Bd2 Nf6 34. Ng2 Re2 35. Rxe2 Rxe2 36. Qd3 Ng4+ 37. Kg1 Qe6 38. Nc1 Re4 39. Qa3 Bd4+ 0-1

[Event "Early-Titled-Tuesday-Blitz-August-29-2023"]
[Site "Chess.com"]
[Date "2023.08.29"]
[Round "3"]
[White "Cayse"]
[Black "AttilaTurzo"]
[Result "1-0"]
[WhiteElo "2897"]
[BlackElo "2514"]
[TimeControl "180+1"]
[EndTime "8:27:55 PDT"]
[Termination "Cayse won on time"]

1. b3 Nf6 2. Bb2 g6 3. e4 d6 4. g3 Bg7 5. Bg2 O-O 6. d3 c5 7.
Nd2 Nc6 8. f4 Bg4 9. Ngf3 Nd4 10. h3 Nxf3+ 11. Nxf3 Bxf3 12. Qxf3 Rb8 13. O-O Nd7 14.
c3 b5 15. d4 b4 16. d5 bxc3 17. Bxc3 Bxc3 18. Qxc3 Qb6 19. Kh2 Qb4 20. Qe3 a5 21. Rac1 Nb6 22. f5 a4 23. e5 axb3 24. axb3 dxe5 25.
Qxe5 Rbe8 26. Qc7 Na8 27. Qxc5 Qxb3 28. Rb1 Qd3 29. Rb7 Qe2 30. Rf2 Qe5 31. fxg6 hxg6 32. Qc4 Kg7 33. Ra2 Rc8 34. Qb4 Nc7 35. Ra5 Qd6 36.
Qe1 1-0

[Event "Early-Titled-Tuesday-Blitz-August-29-2023"]
[Site "Chess.com"]
[Date "2023.08.29"]
[Round "3"]
[White "MikeSailer"]
[Black "Cherneevo_23"]
[Result "0-1"]
[WhiteElo "2184"]
[BlackElo "2422"]
[TimeControl "180+1"]
[EndTime "8:27:55 PDT"]
[Termination "Cherneevo_23 won on time"]

1. d4 Nf6 2. Nc3 d5 3. Bf4 g6 4. Nf3 Bg7 5. Ne5 O-O 6. e3 c5 7. Be2 Nc6 8. g4 Qa5 9. f3 Nd7 10. Nxd7 Bxd7 11. h4 e5 12. dxe5 Nxe5 13. Qd2 d4 14. exd4 cxd4 15. Ne4 Qxd2+ 16. Nxd2 Bc6 17. O-O-O Rfe8 18. Rhf1 Nxg4 19. fxg4 Rxe2 20. Nb3 Rc8 21. Nxd4 Bxd4 22. Rxd4 Be4 23. c3 f5 24. gxf5 Bxf5 25.
h5 Rc2+ 26. Kd1 Rxb2 27. hxg6 hxg6 28. c4 Rxa2 29. Bd6 Re8 30. c5 Ra1+ 0-1

[Event "Early-Titled-Tuesday-Blitz-August-29-2023"]
[Site "Chess.com"]
[Date "2023.08.29"]
[Round "3"]
[White "MusicCityMaster"]
[Black "Macron20hTF1"]
[Result "0-1"]
[WhiteElo "2433"]
[BlackElo "2623"]
[TimeControl "180+1"]
[EndTime "8:27:56 PDT"]
[Termination "Macron20hTF1 won by resignation"]

1. e4 g6 2. h4 h6 3. d4 Bg7 4.
Bc4 e6 5. Qe2 Ne7 6. Nc3 a6 7.
Nf3 b5 8. Bb3 Bb7 9. Bf4 Nbc6 10. O-O-O Na5 11. e5 Nxb3+ 12. axb3 Nd5 13. Nxd5 Bxd5 14.
c4 bxc4 15. bxc4 Bc6 16. d5 Ba4 17. Rd3 Qb8 18. Qd2 exd5 19. cxd5 Bb5 20. Rb3 Qb7 21.
Kb1 h5 22. Rc1 O-O 23. Bh6 Rfb8 24. Bxg7 Kxg7 25. e6 dxe6 26. dxe6 Qe4+ 27. Qc2 Qxc2+ 28. Kxc2 Ba4 29. Nd4 Rxb3 30. Nxb3 Rb8 31. e7 Bxb3+ 32. Kc3 Be6 33. Kd4 Kf6 34. Rxc7 Re8 35. Ra7 Bc8 36. Ra8 Kxe7 37. b4 Kd6 38. f3 Kc7 39. Ra7+ Bb7 40. Kc5 Re5+ 41. Kd4 Rb5 42. Kc4 Kb8 0-1

[Event "Early-Titled-Tuesday-Blitz-August-29-2023"]
[Site "Chess.com"]
[Date "2023.08.29"]
[Round "3"]
[White "rasmussvane"]
[Black "WildTricks"]
[Result "1-0"]
[WhiteElo "2970"]
[BlackElo "2648"]
[TimeControl "180+1"]
[EndTime "8:27:58 PDT"]
[Termination "rasmussvane won by resignation"]

1. Nf3 c5 2. c4 Nc6 3. Nc3 Nf6 4. e3 e5 5. Be2 Be7 6. O-O O-O 7. d4 cxd4 8. exd4 exd4 9. Nxd4 d5 10. Nxc6 bxc6 11. cxd5 Nxd5 12. Bd2 Bf5 13. Bf3 Bf6 14.
Rc1 Rb8 15. b3 Qd6 16. Ne4 Bxe4 17. Bxe4 Rfd8 18. Qf3 g6 19. Rfd1 Be5 20. g3 Qf6 21. Qxf6 Bxf6 22. Ba5 Re8 23. Rxc6 Rxe4 24. Rxd5 Be7 25.
Rd7 Re2 26. Bc3 Bd8 27. Rxa7 Rc2 28. Raa6 h5 29. Be5 Rb5 30. Rxc2 1-0

[Event "Early-Titled-Tuesday-Blitz-August-29-2023"]
[Site "Chess.com"]
[Date "2023.08.29"]
[Round "3"]
[White "Witik"]
[Black "Rud_Makarian"]
[Result "0-1"]
[WhiteElo "2785"]
[BlackElo "3019"]
[TimeControl "180+1"]
[EndTime "8:28:00 PDT"]
[Termination "Rud_Makarian won by resignation"]

1. d4 Nf6 2. Bf4 c5 3. e3 Qb6 4. Nc3 d6 5. Bb5+ Bd7 6. a4 a6 7. a5 Qc7 8. Bxd7+ Nbxd7 9. Nf3 g6 10. h3 Bg7 11. O-O O-O 12. Bh2 b5 13. axb6 Nxb6 14.
Qe2 a5 15. Rfd1 Rfb8 16. Nb5 Qc6 17. dxc5 Qxc5 18. Nxd6 exd6 19. Bxd6 Qc8 20. Bxb8 Qxb8 21. Qb5 a4 22. Nd4 Ne4 23. c4 Nd6 24. Qb4 Nbxc4 25. Rxa4 Bf8 26. Qxb8 Rxb8 27. Ra2 Ne4 28. b3 Nc3 29. Rc2 Nxd1 30. Rxc4 Nb2 31. Rc7 Nd3 32. g4 Ra8 33. g5 Ra1+ 34. Kg2 Ra2 0-1